Map: Blackpink РВ

Players

ELESTRAGO

  • Race: Terran Terran
  • League: Master
  • Spawn Location: 7:00

TMTM - Winner!

  • Race: Protoss Protoss
  • League: Master
  • Spawn Location: 1:00

VOD

Have the link to the VOD?

Description

Time

  • Played on: Dec. 30, 2017, 8:53 a.m.
  • Length: 13:54
Show
View Real Time Build Order
Export as new Build Order

ELESTRAGO Terran 

Build Orders: Reaper Expand, Mech 

Get SALT Encoding   

  12  0:00  SCV  
  13  0:13  SCV  
  14  0:17  Supply Depot  
  14  0:25  SCV  
  14  0:28  Refinery  
  15  0:39  SCV  
  16  0:45  Barracks  
  16  0:51  SCV  
  17  1:03  SCV  
  18  1:15  SCV  
  19  1:32  Reaper, Orbital Command  
  20  1:45  Command Center  
  20  1:54  Factory  
  20  1:57  SCV  
  21  2:03  Refinery  
  21  2:10  SCV  
  21  2:12  Barracks Reactor  
  22  2:16  Supply Depot  
  22  2:22  SCV  
  23  2:38  SCV  
  24  2:50  SCV  
  25  2:55  Hellion x2  
  30  2:59  Orbital Command  
  30  3:04  SCV, Marine  
  30  3:16  SCV, Cyclone x2  
  37  3:25  Marine  
  37  3:26  SCV  
  39  3:29  SCV  
  40  3:34  Supply Depot  
  40  3:39  SCV  
  40  3:41  SCV  
  40  3:51  SCV  
  40  3:53  SCV  
  42  3:56  Cyclone  
  42  3:57  Command Center  
  42  4:00  Cyclone  
  46  4:03  SCV  
  46  4:05  SCV  
  48  4:15  SCV  
  49  4:17  SCV, Factory x2  
  49  4:20  Barracks Tech Lab  
  50  4:26  Supply Depot  
  50  4:27  SCV  
  50  4:29  SCV  
  52  4:32  Refinery  
  52  4:34  Refinery  
  51  4:39  SCV  
  51  4:41  SCV  
  53  4:48  Barracks Tech Lab, Hellion x2  
  53  4:51  SCV  
  58  4:53  SCV, Supply Depot  
  58  4:57  Supply Depot  
  59  5:03  SCV  
  59  5:05  SCV  
  61  5:10  Orbital Command  
  62  5:18  Siege Tank x2  
  62  5:21  SCV x2  
  68  5:28  Orbital Command  
  68  5:30  Armory  
  68  5:31  Armory  
  68  5:33  SCV x2  
  70  5:40  Engineering Bay  
  70  5:48  SCV  
  70  5:49  SCV  
  72  5:50  Siege Tank x2  
  75  6:00  SCV x2, Supply Depot  
  75  6:01  SCV, Supply Depot  
  80  6:04  Hellion  
  80  6:05  Hellion  
  79  6:12  SCV  
  79  6:14  SCV x2  
  82  6:20  Missile Turret  
  82  6:21  Terran Vehicle Weapons Level 1  
  82  6:22  Terran Vehicle And Ship Armor Level 1  
  82  6:23  Missile Turret  
  82  6:24  SCV  
  83  6:27  SCV x2  
  83  6:29  Refinery x2  
  85  6:36  SCV, Supply Depot  
  93  6:40  Hellion x2  
  93  6:42  Siege Tank x2  
  93  6:45  SCV x2  
  98  6:48  SCV  
  98  6:51  Factory  
  98  6:52  Factory  
  99  6:57  SCV  
  99  6:58  SCV  
  99  7:00  SCV  
  102  7:01  Rapid Fire Launchers  
  102  7:04  Infernal Pre-Igniter, Hellion x2  
  106  7:10  SCV x2  
  106  7:13  Supply Depot  
  106  7:14  Supply Depot  
  106  7:15  Barracks Reactor  
  108  7:16  Supply Depot  
  108  7:20  Siege Tank x2  
  106  7:32  Supply Depot  
  106  7:33  Supply Depot  
  106  7:34  Supply Depot  
  101  7:40  Factory Tech Lab  
  101  7:49  Hellion  
  101  7:50  Hellion  
  105  7:52  Siege Tank  
  108  7:58  Supply Depot  
  108  8:00  Siege Tank x2, Hellion x2  
  112  8:06  SCV x2  
  112  8:12  Hellion x2  
  118  8:17  Missile Turret  
  118  8:18  Terran Vehicle Weapons Level 2, Terran Vehicle And Ship Armor Level 2  
  118  8:19  Missile Turret  
  118  8:20  SCV x3  
  118  8:21  Hellion  
  118  8:22  Hellion  
  118  8:25  Hellion  
  127  8:32  Hellion  
  127  8:33  Cyclone x2, Hellion  
  137  8:40  Command Center  
  137  8:42  Missile Turret  
  137  8:43  Cyclone, Hellion  
  137  8:44  Sensor Tower  
  137  8:46  Supply Depot  
  142  8:49  Supply Depot  
  142  8:50  Cyclone  
  142  8:51  Supply Depot  
  142  8:52  Supply Depot  
  142  8:54  Hellion x2  
  149  9:05  Cyclone  
  149  9:06  Hellion x2  
  156  9:15  Cyclone x2, Hellion  
  164  9:23  Cyclone  
  167  9:25  Command Center  
  167  9:27  Hellion  
  167  9:31  Cyclone  
  172  9:34  Missile Turret  
  172  9:37  Hellion  
  172  9:38  Hellion  
  176  9:47  Cyclone, Hellion  
  176  9:48  Starport  
  176  9:50  Starport  
  176  9:52  Starport  
  179  9:59  Cyclone  
  182  10:00  Hellion  
  182  10:04  Refinery x2  
  182  10:05  Cyclone  
  187  10:12  Hellion  
  189  10:20  Cyclone, Hellion  
  180  10:29  Hellion x2  
  180  10:30  Starport Tech Lab x3  
  180  10:31  Cyclone  
  187  10:36  Fusion Core  
  185  10:49  Hellion x2  
  185  11:06  Cyclone, Hellion  
  185  11:07  Hellion  
  177  11:15  Cyclone x2, Hellion x2  
  146  11:24  Weapon Refit  
  117  11:25  Battlecruiser  
  117  11:28  Hellion  
  107  11:36  Siege Tank x2  
  113  11:42  Planetary Fortress  
  113  11:48  Hellion x4  
  113  11:49  Hellion  
  123  11:58  Battlecruiser  
  130  12:08  Hellion  
  130  12:09  Hellion x4  
  130  12:15  Missile Turret  
  132  12:16  Hellion x2  
  132  12:26  Missile Turret  
  134  12:30  Battlecruiser, Hellion  
  140  12:38  Hellion x5  
  140  12:39  Missile Turret  
  150  12:53  Hellion  
  150  12:57  Missile Turret  
  158  13:01  Missile Turret  
  142  13:22  Hellion  
Show
View Real Time Build Order
Export as new Build Order

TMTM Protoss - Winner!

Build Orders: 1 Gate Expand, Double Forge, Blink Stalkers 

Get SALT Encoding   

  12  0:00  Probe  
  13  0:13  Probe  
  14  0:17  Pylon  
  14  0:25  Probe (Chrono Boost)  
  16  0:37  Probe (Chrono Boost)  
  16  0:39  Gateway  
  16  0:43  Probe (Chrono Boost)  
  16  0:48  Assimilator  
  17  0:51  Probe (Chrono Boost)  
  18  1:03  Probe (Chrono Boost)  
  19  1:11  Probe (Chrono Boost)  
  20  1:22  Nexus  
  20  1:34  Cybernetics Core  
  20  1:36  Probe  
  21  1:42  Assimilator  
  21  1:48  Probe  
  21  1:51  Pylon  
  22  2:00  Probe  
  23  2:07  Stalker (Chrono Boost)  
  23  2:11  Warp Gate  
  23  2:12  Probe  
  26  2:20  Pylon  
  26  2:25  Probe  
  27  2:30  Stalker  
  27  2:34  Probe (Chrono Boost)  
  30  2:41  Twilight Council  
  31  2:47  Probe x2 (Chrono Boost)  
  32  2:55  Probe (Chrono Boost)  
  32  2:56  Probe (Chrono Boost)  
  34  2:59  Stalker (Chrono Boost)  
  35  3:07  Probe  
  35  3:09  Probe  
  37  3:17  Blink  
  37  3:19  Probe  
  38  3:21  Probe  
  38  3:25  Gateway  
  39  3:31  Probe  
  39  3:34  Probe  
  41  3:36  Gateway  
  41  3:41  Pylon  
  41  3:48  Probe (Chrono Boost)  
  42  3:52  Probe (Chrono Boost)  
  42  3:56  Robotics Facility  
  42  3:59  Probe (Chrono Boost)  
  44  4:03  Probe (Chrono Boost)  
  44  4:04  Probe (Chrono Boost)  
  44  4:06  Pylon  
  45  4:12  Probe  
  45  4:14  Probe  
  47  4:17  Assimilator  
  47  4:23  Shield Battery  
  47  4:27  Stalker  
  49  4:36  Stalker  
  51  4:38  Nexus  
  51  4:40  Pylon  
  51  4:41  Probe  
  51  4:43  Stalker  
  51  4:44  Observer (Chrono Boost)  
  55  4:47  Probe  
  55  4:50  Forge  
  56  4:56  Forge  
  56  4:59  Sentry  
  58  5:00  Observer  
  58  5:01  Stalker  
  58  5:06  Stalker  
  63  5:09  Probe x2  
  65  5:16  Assimilator  
  65  5:17  Pylon  
  65  5:21  Pylon  
  65  5:24  Probe x2  
  67  5:30  Protoss Ground Weapons Level 1 (Chrono Boost)  
  67  5:31  Observer  
  68  5:36  Probe  
  68  5:37  Probe  
  68  5:40  Protoss Ground Armor Level 1 (Chrono Boost), Gateway  
  70  5:44  Gateway  
  70  5:56  Probe x3  
  73  5:57  Stalker  
  73  6:00  Stalker  
  77  6:08  Probe (Chrono Boost)  
  77  6:10  Probe (Chrono Boost)  
  74  6:14  Immortal, Probe (Chrono Boost)  
  78  6:19  Observer  
  78  6:20  Probe (Chrono Boost)  
  78  6:21  Charge, Gateway  
  78  6:25  Probe (Chrono Boost)  
  81  6:26  Probe x2 (Chrono Boost)  
  81  6:29  Stalker  
  81  6:32  Probe  
  85  6:34  Pylon, Probe  
  85  6:35  Probe  
  87  6:43  Stalker x3  
  87  6:44  Probe  
  87  6:46  Probe  
  95  6:48  Probe  
  95  6:53  Assimilator  
  96  6:56  Probe  
  96  6:59  Probe, Gateway  
  96  7:00  Gateway  
  98  7:01  Assimilator  
  98  7:03  Immortal  
  98  7:05  Probe  
  98  7:06  Protoss Ground Armor Level 2 (Chrono Boost)  
  103  7:10  Probe  
  103  7:15  Protoss Ground Weapons Level 2 (Chrono Boost), Gateway  
  104  7:17  Probe  
  105  7:25  Probe x2  
  105  7:29  Observer  
  107  7:35  Pylon  
  107  7:46  Immortal, Gateway  
  107  7:48  Gateway  
  107  7:50  Gateway  
  111  7:52  Pylon  
  111  7:54  Nexus  
  111  7:55  Pylon  
  111  7:56  Stalker x3  
  116  8:15  Sentry x2  
  116  8:17  Gateway x2  
  120  8:21  Gateway, Shield Battery  
  120  8:22  Photon Cannon  
  120  8:23  Observer  
  120  8:25  Templar Archives, Immortal  
  124  8:47  Pylon, Assimilator  
  124  8:50  Assimilator  
  124  8:51  Photon Cannon  
  124  8:53  Photon Cannon  
  124  9:01  Protoss Ground Weapons Level 3 (Chrono Boost)  
  124  9:03  Protoss Ground Armor Level 3 (Chrono Boost)  
  124  9:04  Warp Prism, High Templar x2  
  124  9:09  Observer, Zealot x2  
  134  9:10  Zealot x3  
  134  9:11  Archon  
  140  9:20  Gateway  
  140  9:22  Gateway  
  140  9:23  Gateway  
  140  9:24  Zealot x4  
  147  9:33  High Templar x2  
  147  9:34  Zealot  
  147  9:35  Zealot x2  
  157  9:40  Archon  
  157  9:43  Zealot x2  
  161  9:49  Zealot  
  163  9:57  Pylon  
  163  10:00  Pylon x2  
  163  10:05  Pylon  
  163  10:07  Pylon  
  163  10:10  Dark Shrine  
  163  10:13  Stargate  
  163  10:15  Immortal, Zealot  
  163  10:16  Zealot  
  163  10:17  Pylon  
  169  10:26  Zealot x2  
  171  10:37  High Templar x2  
  171  10:38  High Templar  
  171  10:39  High Templar  
  171  10:42  Archon  
  179  10:44  Archon  
  179  10:48  Stalker x4  
  187  10:53  High Templar  
  187  10:54  High Templar  
  187  10:56  Zealot x2  
  187  10:57  Zealot x2  
  187  10:59  Archon  
  139  11:19  Zealot x9  
  129  11:27  Immortal (Chrono Boost)  
  133  11:36  High Templar x2  
  133  11:37  High Templar x2  
  133  11:38  High Templar x2  
  133  11:39  Zealot x3  
  151  11:49  Fleet Beacon  
  151  11:50  Archon x3  
  151  11:54  Warp Prism (Chrono Boost)  
  151  11:57  High Templar x2  
  151  12:00  Zealot x4  
  165  12:01  Protoss Shields Level 1 (Chrono Boost)  
  165  12:02  Archon  
  165  12:10  Zealot  
  165  12:13  Nexus  
  165  12:15  Pylon  
  167  12:18  Stalker x5  
  167  12:22  Stalker  
  169  12:29  High Templar x2  
  173  12:31  High Templar  
  173  12:32  High Templar  
  173  12:35  Archon  
  173  12:36  Archon  
  177  12:37  Zealot x5  
  187  12:50  Adept x4  
  191  13:10  Stalker x2  
  191  13:11  Stalker  
  181  13:37  Stalker x4  
  181  13:38  Stalker x4  
  181  13:49  Stalker x2  
  181  13:50  Stalker x2  
Tags
 
Add a new tag
Caveats
  • Supply blocks, unpowered buildings, or Contaminate may cause inaccurate times.
  • Supply counts are checked every 10 seconds.